 Dungeon Sprint DCSS version 0.20.1-1-g8b1a95d (webtiles) character file.

3194 potatolord6000 the Apostle (level 9, -4/93 HPs)
             Began as a Hill Orc Monk on Sept 1, 2017.
             Was a High Priest of Beogh.
             Slain by a snapping turtle (6 damage)
             ... in the Dungeon (Sprint VII: "The Pits").
             The game lasted 00:06:33 (1111 turns).

potatolord6000 the Apostle (Hill Orc Monk)          Turns: 1111, Time: 00:06:34

Health: -4/93      AC: 18    Str: 20    XL:     9   Next: 96%
Magic:  14/19      EV:  8    Int: 13    God:    Beogh [*****.]
Gold:   0          SH:  0    Dex: 13    Spells: 8/8 levels left

rFire    . . .     SeeInvis .   e - +2 scimitar (flame)
rCold    . . .     Gourm    .   (no shield)
rNeg     . . .     Faith    .   q - +3 plate armour
rPois    .         Spirit   .   (no helmet)
rElec    .         Reflect  .   (no cloak)
rCorr    .         Harm     .   (no gloves)
MR       .....     NoTele   +   (no boots)
Stlth    ..........             (no amulet)
Regen    0.3/turn               a - +3 ring of intelligence
MPRegen  0.2/turn               o - +3 ring of strength

@: very slightly contaminated
A: walk on water
a: Smiting, Recall Orcish Followers, Give Item to Named Follower, Renounce
Religion


You were in the Dungeon.
You worshipped Beogh.
Beogh was extremely pleased with you.
You were completely stuffed.

You visited 1 branch

Inventory:

Hand Weapons
 b - a +1 long sword of holy wrath
 e - a +2 scimitar of flaming (weapon)
 r - a +2 halberd of protection
 s - a +0 lajatang
 t - a +2 dire flail of crushing
 v - a +2 war axe of venom
Armour
 q - a +3 plate armour (worn)
 w - a +2 plate armour
Jewellery
 a - a +3 ring of intelligence (left hand)
 o - a +3 ring of strength (right hand)
Scrolls
 j - 3 scrolls of remove curse
 k - 5 scrolls of amnesia
 l - a scroll of summoning
Potions
 d - 3 potions of heal wounds
 f - 9 potions of curing
 g - 2 potions of magic
 h - 2 potions of berserk rage
 p - a potion of agility
Comestibles
 c - 8 bread rations
 m - 40 fruits
 n - 5 meat rations


   Skills:
 + Level 13.5 Fighting
 + Level 12.5 Long Blades
 + Level 12.2 Armour
 - Level 2.4 Dodging
 - Level 1.5 Stealth
 + Level 13.9 Invocations


You had 8 spell levels left.
You didn't know any spells.

Dungeon Overview and Level Annotations

Branches:
Dungeon (1/1)

Altars:
Ashenzari
Cheibriados
Dithmenos
Elyvilon
Fedhas
Gozag
Hepliaklqana
Kikubaaqudgha
Makhleb
Nemelex Xobeh
Okawaru
Qazlal
Ru
Sif Muna
Trog
Uskayaw
Vehumet
Xom
Yredelemnul
Zin
The Shining One
Beogh
Jiyva
Lugonu


Message History

The snapping turtle seems to slow down.
The wolf bites you but does no damage. The snapping turtle bites you!
The wolf bites you but does no damage.
Marbork hits the snapping turtle but does no damage.
The snapping turtle is poisoned.
Unknown command.
Aiming: Smiting
Press: ? - help, Dir - move target cursor, f/p - alligator snapping turtle Smite: an alligator snapping turtle (moderately wounded)
You smite the alligator snapping turtle!
The alligator snapping turtle is heavily wounded.
The wolf bites you. The wolf completely misses you.
You riposte.
You barely miss the wolf.
The wolf is lightly wounded.
The alligator snapping turtle bites you from afar!!!
* * * LOW HITPOINT WARNING * * *
The wolf closely misses you.
You riposte.
You hit the wolf but do no damage.
Marbork gestures at the snapping turtle while chanting.
The magic dart hits the snapping turtle.
The snapping turtle bites you.
You die...

....##''################
....##..#..............#
....##..##....).h.h...).
<...##..#### #'#
....##..#..#####5##
....##..#....##.9.#
....##..'....(#.t.#
######..'.).).'oth+
######..'....(#.@h#
...[##..#....##...#
..[[##..#..#####o##
....##..####...#o######.
....##..##....)o.†......
....##..#.)...)(.......#
########################


You could see an alligator snapping turtle, a snapping turtle, a gargoyle, 3
wolves, an iron imp, 2 friendly orc warriors, the friendly Bogwik the orc
warrior and the friendly Marbork the orc wizard.

Vanquished Creatures
  Pikel (D)
  Maurice (D)
  A molten gargoyle (D)
  A gargoyle (D)
  A demonic crawler (D)
  A hellwing (D)
  Grinder (D)
  A bog body (D)
  Eustachio (D)
  2 vampire mosquitoes (D)
  An acid dragon (D)
  A wolf (D)
  A bullfrog (D)
  A gnoll sergeant (D)
  A scorpion (D)
  A hound (D)
  A quasit (D)
  An orc priest (D)
  An iron imp (D)
  An iguana (D)
  2 worker ants (D)
  An adder (D)
  3 gnolls (D)
  A river rat (D)
  An adder zombie (D)
  A worm (D)
  A leopard gecko (D)
  2 orcs (D)
  A giant cockroach (D)
  A kobold (D)
  A jackal zombie (D)
36 creatures vanquished.

Vanquished Creatures (collateral kills)
  A gnoll (D)
  2 kobolds (D)
  A leopard gecko skeleton (D)
4 creatures vanquished.

Vanquished Creatures (others)
  An orc priest (D)
  A hound (D)
  2 orcs (D)
4 creatures vanquished.

Grand Total: 44 creatures vanquished

Notes
Turn   | Place    | Note
-------+----------+-------------------------------------------
     0 | D        | potatolord6000 the Hill Orc Monk began the quest for the Orb.
     0 | D        | Reached XP level 1. HP: 19/19 MP: 1/1
    20 | D        | Reached XP level 2. HP: 19/28 MP: 2/2
    27 | D        | Found a bloodstained altar of Trog.
    27 | D        | Found a deep blue altar of Sif Muna.
    27 | D        | Found a viscous altar of Jiyva.
    27 | D        | Found a hazy altar of Hepliaklqana.
    27 | D        | Found an opulent altar of Gozag.
    54 | D        | Found a glowing golden altar of the Shining One.
    54 | D        | Found a glowing silver altar of Zin.
    54 | D        | Found a basalt altar of Yredelemnul.
    54 | D        | Found a shimmering altar of Xom.
    54 | D        | Found a sacrificial altar of Ru.
    54 | D        | Found a stormy altar of Qazlal.
    54 | D        | Found an iron altar of Okawaru.
    54 | D        | Found a sparkling altar of Nemelex Xobeh.
    54 | D        | Found a burning altar of Makhleb.
    54 | D        | Found a blossoming altar of Fedhas.
    54 | D        | Found a white marble altar of Elyvilon.
    54 | D        | Found a shadowy altar of Dithmenos.
    54 | D        | Found a snail-covered altar of Cheibriados.
    57 | D        | Found a corrupted altar of Lugonu.
    57 | D        | Found a radiant altar of Vehumet.
    57 | D        | Found a roughly hewn altar of Beogh.
    58 | D        | Found an ancient bone altar of Kikubaaqudgha.
    58 | D        | Found a hide-covered altar of Uskayaw.
    58 | D        | Found a shattered altar of Ashenzari.
    66 | D        | Became a worshipper of Beogh the Brigand
    66 | D        | Reached * piety under Beogh
    66 | D        | Reached ** piety under Beogh
   226 | D        | Reached skill level 1 in Invocations
   228 | D        | Reached *** piety under Beogh
   259 | D        | Reached skill level 5 in Fighting
   259 | D        | Reached XP level 3. HP: 34/36 MP: 0/4
   269 | D        | Reached skill level 5 in Long Blades
   270 | D        | Reached XP level 4. HP: 41/44 MP: 1/7
   391 | D        | Noticed a slave
   392 | D        | Noticed Grinder
   392 | D        | Noticed Pikel
   394 | D        | Noticed a slave
   394 | D        | Killed Grinder
   394 | D        | Reached **** piety under Beogh
   394 | D        | Reached XP level 5. HP: 56/56 MP: 4/10
   394 | D        | Reached XP level 6. HP: 62/62 MP: 4/11
   398 | D        | Noticed a slave
   400 | D        | Noticed a slave
   407 | D        | Killed Pikel
   407 | D        | Reached skill level 10 in Fighting
   407 | D        | Reached skill level 10 in Invocations
   407 | D        | Reached XP level 7. HP: 55/73 MP: 2/14
   413 | D        | Reached ***** piety under Beogh
   499 | D        | Noticed a bog body
   501 | D        | Killed a bog body
   501 | D        | Reached skill level 10 in Long Blades
   501 | D        | Reached XP level 8. HP: 82/82 MP: 11/16
   530 | D        | Gained Marbork as an ally
   533 | D        | Reached skill level 10 in Armour
   692 | D        | Noticed a hellwing
   692 | D        | Noticed a gargoyle
   694 | D        | Killed a hellwing
   696 | D        | Killed a gargoyle
   696 | D        | Reached XP level 9. HP: 90/90 MP: 7/18
   895 | D        | Gained Bogwik as an ally
   896 | D        | Noticed a demonic crawler
   899 | D        | Killed a demonic crawler
   900 | D        | Noticed a molten gargoyle
   903 | D        | Killed a molten gargoyle
   909 | D        | Reached ****** piety under Beogh
  1086 | D        | Noticed an alligator snapping turtle
  1087 | D        | Noticed Eustachio
  1088 | D        | Noticed Maurice
  1089 | D        | Killed Eustachio
  1089 | D        | Gained Geork as an ally
  1091 | D        | Killed Maurice
  1093 | D        | Noticed a gargoyle
  1098 | D        | HP: 3/93 [alligator snapping turtle (24)]
  1098 | D        | HP: 1/93 [wolf (2)]
  1111 | D        | HP: 2/93 [alligator snapping turtle (36)]
  1111 | D        | Slain by a snapping turtle

Skill      XL: |  1  2  3  4  5  6  7  8  9 |
---------------+----------------------------+-----
Fighting       | 4 5 6 8 10 11 12 13 | 13.5
Long Blades    | 4 5 7 9 10 11 12 | 12.5
Armour         | 2 3 4 7 9 10 12 | 12.2
Invocations    | 2 4 7 10 12 13 | 13.9
Dodging        | |  2.4
Stealth        | |  1.5

Action                   |  1- 3 |  4- 6 |  7- 9 || total
-------------------------+-------+-------+-------++-------
Melee: Falchion          |    27 |     1 |       ||    28
       Long sword        |       |    12 |    36 ||    48
       Scimitar          |       |       |    14 ||    14
Invok: Smiting           |     1 |     2 |    21 ||    24
       Give Item to Name |       |       |     1 ||     1
  Use: Potion            |     5 |     1 |    10 ||    16
       Scroll            |       |       |     1 ||     1
 Stab: Sleeping          |     2 |       |       ||     2
       Invisible         |     1 |       |     6 ||     7
  Eat: Meat ration       |       |       |     2 ||     2
Armor: Robe              |     6 |       |       ||     6
       Plate armour      |       |    14 |    86 ||   100
Dodge: Dodged            |    24 |     7 |    33 ||    64
       Rpst.: Falchion   |     8 |     1 |       ||     9
       Long sword        |       |     3 |     3 ||     6
       Scimitar          |       |       |     9 ||     9
